| TOP OF THE 1ST |
|
Helena Brewers batting - Pitching for Danville Braves : RHP Cesar Pulido
|
|
Pitching: RHP Cesar Pulido
|
|
|
Batting: RHB Dan Allred
|
0-0: Ball 1-0: Foul Ball, location: 2F 1-1: SINGLE (Groundball, 6D, EV 95.6 MPH)
|
|
Batting: SHB Orlando Torres
|
0-0: Called Strike 0-1: Ball 1-1: DOUBLE (Line Drive, 8RXD, EV 108.8 MPH) Dan Allred to third Runner from 3rd tries for Home, SAFE, throw by CF to home
|
|
Batting: RHB Ryan Miller
|
0-0: Ball 1-0: Ball 2-0: Foul Ball, location: 2F 2-1: DOUBLE (Line Drive, 9LM, EV 95.0 MPH) Orlando Torres scores
|
|
Batting: RHB Herb McIntyre
|
0-0: Ball 1-0: Ball 2-0: Called Strike 2-1: Called Strike 2-2: Foul Ball, location: 2F 2-2: Strikes out looking
|
|
Batting: LHB Greg Reedy
|
0-0: Foul Ball, location: 2F 0-1: Foul Ball, location: 2F 0-2: Ball 1-2: DOUBLE (Flyball, 8RXD, EV 102.5 MPH) Ryan Miller scores
|
|
Batting: RHB Drew Forbess
|
0-0: Ball 1-0: Ball 2-0: Fly out, F8 (Flyball, 8RD, EV 102.5 MPH)
|
|
Batting: RHB Alfredo Sena
|
0-0: Swinging Strike 0-1: Ball 1-1: Called Strike 1-2: Foul Ball, location: 2F 1-2: Strikes out swinging
|
| Top of the 1st over - 3 runs, 4 hits, 0 errors, 1 left on base; Helena 3 - Danville 0 |
| BOTTOM OF THE 1ST |
|
Danville Braves batting - Pitching for Helena Brewers : LHP Gil Sanchez
|
|
Pitching: LHP Gil Sanchez
|
|
|
Batting: RHB Rafael Reyes
|
0-0: Called Strike 0-1: Ball 1-1: Ball 2-1: Foul Ball, location: 2F 2-2: Ball 3-2: SINGLE (Line Drive, 8LS, EV 108.1 MPH)
|
|
Batting: RHB Richard Saquic
|
0-0: Ball 1-0: Ball 2-0: Called Strike Rafael Reyes steals 2nd base 2-1: Called Strike 2-2: Ball 3-2: Foul Ball, location: 2F 3-2: Base on Balls
|
|
Batting: LHB Tamaichi Sasada
|
0-0: Swinging Strike 0-1: Foul Ball, location: 2F 0-2: Fielders Choice at 2nd, 4-6 (Groundball, 34D, EV 85.6 MPH) Rafael Reyes to third
|
|
Batting: RHB Josh Hopp
|
0-0: Ball 1-0: Ball 2-0: Ball 3-0: Base on Balls Tamaichi Sasada to second
|
|
Batting: LHB Art D'Ascenzo
|
0-0: Ball 1-0: Ball 2-0: Ball 3-0: Called Strike 3-1: Base on Balls Rafael Reyes scores Tamaichi Sasada to third Josh Hopp to second
|
|
Batting: RHB Gebre-Giorgios Wangondu
|
0-0: Ball 1-0: Called Strike 1-1: Ball 2-1: Foul Ball, location: 2F 2-2: Foul Ball, location: 2F 2-2: Strikes out looking
|
|
Batting: RHB Dave Pizarro
|
0-0: Ball 1-0: Foul Ball, location: 2F 1-1: Ball 2-1: Swinging Strike 2-2: SINGLE (Line Drive, 4D, EV 97.5 MPH) Tamaichi Sasada scores Josh Hopp to third Art D'Ascenzo to second Runner from 3rd tries for Home, SAFE, throw by RF to home
|
|
Batting: RHB Vicente Guillen
|
0-0: Called Strike 0-1: Ball 1-1: Foul Ball, location: 2F 1-2: Ball 2-2: Ground out 1-3 (Groundball, 15S, EV 68.1 MPH)
|
| Bottom of the 1st over - 3 runs, 2 hits, 0 errors, 2 left on base; Helena 3 - Danville 3 |
| TOP OF THE 2ND |
|
Helena Brewers batting - Pitching for Danville Braves : RHP Cesar Pulido
|
|
Batting: RHB Eli Valles
|
0-0: Ball 1-0: Swinging Strike 1-1: Ball 2-1: Ball 3-1: Foul Ball, location: 2F 3-2: Foul Ball, location: 2F 3-2: Foul Ball, location: 2F 3-2: SOLO HOME RUN (Flyball, 78XD, EV 104.4 MPH), Distance : 415 ft
|
|
Batting: RHB Gil Sanchez
|
0-0: Foul Ball, location: 2F 0-1: Fly out, F8 (Flyball, 8RM, EV 77.5 MPH)
|
|
Batting: RHB Dan Allred
|
0-0: Called Strike 0-1: Ball 1-1: DOUBLE (Line Drive, 9LS, EV 96.9 MPH)
|
|
Batting: SHB Orlando Torres
|
0-0: Foul Ball, location: 2F 0-1: Called Strike 0-2: SINGLE (Line Drive, 78S, EV 106.9 MPH) Dan Allred to third
|
|
Batting: RHB Ryan Miller
|
0-0: Called Strike 0-1: Called Strike 0-2: Foul Ball, location: 2F 0-2: Ball 1-2: Strikes out swinging
|
|
Batting: RHB Herb McIntyre
|
0-0: Ball 1-0: Foul Ball, location: 2F 1-1: Swinging Strike 1-2: Strikes out swinging
|
| Top of the 2nd over - 1 run, 3 hits, 0 errors, 2 left on base; Helena 4 - Danville 3 |
| BOTTOM OF THE 2ND |
|
Danville Braves batting - Pitching for Helena Brewers : LHP Gil Sanchez
|
|
Batting: RHB Rodolfo Cosme
|
0-0: Ground out 1-3 (Groundball, 13S, EV 68.1 MPH)
|
|
Batting: RHB Rafael Reyes
|
0-0: Ball 1-0: Swinging Strike 1-1: SINGLE (Line Drive, 34, EV 98.8 MPH)
|
|
Batting: RHB Richard Saquic
|
0-0: Ball 1-0: Ball 2-0: SINGLE (Groundball, 25, EV 66.9 MPH) (infield hit) Rafael Reyes to second
|
|
Batting: LHB Tamaichi Sasada
|
0-0: Foul Ball, location: 2F 0-1: Ball 1-1: Foul Ball, location: 2F 1-2: Ball 2-2: Foul Ball, location: 2F 2-2: Fly out, F7 (Flyball, 7D, EV 96.2 MPH) Runner from 2nd tags up, OUT at 3rd! 7-5
|
| Bottom of the 2nd over - 0 runs, 2 hits, 0 errors, 1 left on base; Helena 4 - Danville 3 |
| TOP OF THE 3RD |
|
Helena Brewers batting - Pitching for Danville Braves : RHP Cesar Pulido
|
|
Batting: LHB Greg Reedy
|
0-0: Swinging Strike 0-1: Foul Ball, location: 2F 0-2: Ball 1-2: Strikes out swinging
|
|
Batting: RHB Drew Forbess
|
0-0: Ball 1-0: Called Strike 1-1: Ground out 6-3 (Groundball, 4MS, EV 88.1 MPH)
|
|
Batting: RHB Alfredo Sena
|
0-0: Ball 1-0: Ball 2-0: Ball 3-0: Base on Balls
|
|
Batting: RHB Eli Valles
|
0-0: Ground out 6-3 (Groundball, 6S, EV 78.8 MPH)
|
| Top of the 3rd over - 0 runs, 0 hits, 0 errors, 1 left on base; Helena 4 - Danville 3 |
| BOTTOM OF THE 3RD |
|
Danville Braves batting - Pitching for Helena Brewers : LHP Gil Sanchez
|
|
Batting: RHB Josh Hopp
|
0-0: Ball 1-0: Foul Ball, location: 2F 1-1: Fly out, F7 (Flyball, 78M, EV 79.4 MPH)
|
|
Batting: LHB Art D'Ascenzo
|
0-0: Foul Ball, location: 2F 0-1: Ball 1-1: Called Strike 1-2: Fly out, F9 (Flyball, 9D, EV 90.6 MPH)
|
|
Batting: RHB Gebre-Giorgios Wangondu
|
0-0: Ball 1-0: Ball 2-0: Ball 3-0: Called Strike 3-1: Base on Balls
|
|
Batting: RHB Dave Pizarro
|
0-0: Swinging Strike 0-1: Ball 1-1: Called Strike 1-2: Foul Ball, location: 2F 1-2: Ball 2-2: Foul Ball, location: 2F 2-2: Ball 3-2: Strikes out swinging
|
| Bottom of the 3rd over - 0 runs, 0 hits, 0 errors, 1 left on base; Helena 4 - Danville 3 |
| TOP OF THE 4TH |
|
Helena Brewers batting - Pitching for Danville Braves : RHP Cesar Pulido
|
|
Batting: RHB Gil Sanchez
|
0-0: Called Strike 0-1: Ball 1-1: Swinging Strike 1-2: Strikes out swinging
|
|
Batting: RHB Dan Allred
|
0-0: Foul Ball, location: 2F 0-1: Ball 1-1: Reached on error, E6 (Groundball, 6, EV 83.8 MPH)
|
|
Batting: SHB Orlando Torres
|
0-0: Ball 1-0: Grounds into double play, 4-6-3 (Groundball, 4, EV 102.5 MPH)
|
| Top of the 4th over - 0 runs, 0 hits, 1 error, 0 left on base; Helena 4 - Danville 3 |
| BOTTOM OF THE 4TH |
|
Danville Braves batting - Pitching for Helena Brewers : LHP Gil Sanchez
|
|
Batting: RHB Vicente Guillen
|
0-0: Ball 1-0: Ball 2-0: Ball 3-0: Called Strike 3-1: Base on Balls
|
|
Pitching: LHP Tony Salazar
|
|
|
Batting: RHB Rodolfo Cosme
|
0-0: Ball 1-0: Fielders Choice at 2nd, 1-6 (Groundball, 13, EV 68.1 MPH)
|
|
Batting: RHB Rafael Reyes
|
0-0: Called Strike 0-1: Ball 1-1: Fly out, F8 (Flyball, 8RXD, EV 88.8 MPH)
|
|
Batting: RHB Richard Saquic
|
0-0: Swinging Strike 0-1: Swinging Strike 0-2: Ball 1-2: Foul Ball, location: 2F 1-2: Foul Ball, location: 2F 1-2: Ball 2-2: Foul Ball, location: 2F 2-2: Strikes out swinging
|
| Bottom of the 4th over - 0 runs, 0 hits, 0 errors, 1 left on base; Helena 4 - Danville 3 |
| TOP OF THE 5TH |
|
Helena Brewers batting - Pitching for Danville Braves : RHP Cesar Pulido
|
|
Batting: RHB Ryan Miller
|
0-0: Ball 1-0: Called Strike 1-1: Foul Ball, location: 2F 1-2: Strikes out swinging
|
|
Batting: RHB Herb McIntyre
|
0-0: Foul Ball, location: 2F 0-1: Ball 1-1: Called Strike 1-2: Ball 2-2: Ball 3-2: Base on Balls
|
|
Batting: LHB Greg Reedy
|
0-0: Swinging Strike 0-1: Swinging Strike 0-2: Strikes out swinging
|
|
Batting: RHB Drew Forbess
|
0-0: Called Strike Herb McIntyre is caught stealing 2nd base 2-4
|
| Top of the 5th over - 0 runs, 0 hits, 0 errors, 0 left on base; Helena 4 - Danville 3 |
| BOTTOM OF THE 5TH |
|
Danville Braves batting - Pitching for Helena Brewers : LHP Tony Salazar
|
|
Batting: LHB Tamaichi Sasada
|
0-0: Ball 1-0: SINGLE (Groundball, 4MD, EV 104.4 MPH)
|
|
Batting: RHB Josh Hopp
|
0-0: Fly out, F3 (Line Drive, 3, EV 63.1 MPH) Lined into DP, U3 (Line Drive, 3, EV 66.2 MPH)
|
|
Batting: LHB Art D'Ascenzo
|
0-0: Called Strike 0-1: Ground out 3-1 (Groundball, 34, EV 105.6 MPH)
|
| Bottom of the 5th over - 0 runs, 1 hit, 0 errors, 0 left on base; Helena 4 - Danville 3 |
| TOP OF THE 6TH |
|
Helena Brewers batting - Pitching for Danville Braves : RHP Cesar Pulido
|
|
Batting: RHB Drew Forbess
|
0-0: Ball 1-0: Called Strike 1-1: Fly out, F9 (Flyball, 9LD, EV 96.9 MPH)
|
|
Batting: RHB Alfredo Sena
|
0-0: Ball 1-0: Fly out, F8 (Line Drive, 78M, EV 88.8 MPH)
|
|
Batting: RHB Eli Valles
|
0-0: Ball 1-0: Ground out 4-3 (Groundball, 4, EV 78.1 MPH)
|
| Top of the 6th over - 0 runs, 0 hits, 0 errors, 0 left on base; Helena 4 - Danville 3 |
| BOTTOM OF THE 6TH |
|
Danville Braves batting - Pitching for Helena Brewers : LHP Tony Salazar
|
|
Batting: RHB Gebre-Giorgios Wangondu
|
0-0: Swinging Strike 0-1: Called Strike 0-2: Fly out, F9 (Flyball, 9, EV 85.6 MPH)
|
|
Batting: RHB Dave Pizarro
|
0-0: Foul Ball, location: 2F 0-1: Called Strike 0-2: Ball 1-2: Strikes out swinging
|
|
Batting: RHB Vicente Guillen
|
0-0: Ball 1-0: Ball 2-0: Foul Ball, location: 2F 2-1: Ball 3-1: Base on Balls
|
|
Batting: RHB Rodolfo Cosme
|
0-0: Called Strike Vicente Guillen is caught stealing 2nd base 2-4
|
| Bottom of the 6th over - 0 runs, 0 hits, 0 errors, 0 left on base; Helena 4 - Danville 3 |
| TOP OF THE 7TH |
|
Helena Brewers batting - Pitching for Danville Braves : RHP Cesar Pulido
|
|
Batting: RHB Gil Sanchez
|
0-0: Called Strike 0-1: Ball 1-1: Called Strike 1-2: Ball 2-2: Foul Ball, location: 2F 2-2: Foul Ball, location: 2F 2-2: Foul Ball, location: 2F 2-2: Ball 3-2: Strikes out looking
|
|
Batting: RHB Dan Allred
|
0-0: Called Strike 0-1: DOUBLE (Flyball, 8RXD, EV 104.4 MPH)
|
|
Pitching: LHP Darius Brown
|
|
|
Batting: SHB Orlando Torres
|
0-0: Ground out 6-3 (Groundball, P, EV 85.0 MPH) Dan Allred to third
|
|
Batting: RHB Ryan Miller
|
0-0: Foul Ball, location: 2F 0-1: Fly out, F8 (Flyball, 8RD, EV 97.5 MPH)
|
| Top of the 7th over - 0 runs, 1 hit, 0 errors, 1 left on base; Helena 4 - Danville 3 |
| BOTTOM OF THE 7TH |
|
Danville Braves batting - Pitching for Helena Brewers : LHP Tony Salazar
|
|
Batting: RHB Rodolfo Cosme
|
0-0: Ball 1-0: Ball 2-0: Ball 3-0: Called Strike 3-1: Called Strike 3-2: Foul Ball, location: 2F 3-2: SINGLE (Groundball, 34D, EV 97.5 MPH)
|
|
Batting: RHB Rafael Reyes
|
0-0: Bunt missed! 0-1: Sac Bunt to 3S - play at first, batter OUT! 3-4 Rodolfo Cosme to second
|
|
Batting: RHB Richard Saquic
|
0-0: Ball 1-0: Ball 2-0: Called Strike 2-1: Ball 3-1: Base on Balls
|
|
Batting: LHB Tamaichi Sasada
|
0-0: Ball 1-0: Ball 2-0: Ball 3-0: Called Strike 3-1: Called Strike 3-2: Base on Balls Rodolfo Cosme to third Richard Saquic to second
|
|
Batting: RHB Josh Hopp
|
0-0: Ball 1-0: Ball 2-0: Fly out, F7 (Flyball, 7S, EV 71.2 MPH)
|
|
Batting: LHB Art D'Ascenzo
|
0-0: Ball 1-0: Fly out, F9 (Flyball, 9D, EV 98.1 MPH)
|
| Bottom of the 7th over - 0 runs, 1 hit, 0 errors, 3 left on base; Helena 4 - Danville 3 |
| TOP OF THE 8TH |
|
Helena Brewers batting - Pitching for Danville Braves : LHP Darius Brown
|
|
Batting: RHB Herb McIntyre
|
0-0: Ball 1-0: Ball 2-0: Ground out 6-3 (Groundball, 56, EV 105.0 MPH)
|
|
Batting: LHB Greg Reedy
|
0-0: Called Strike 0-1: Swinging Strike 0-2: Strikes out swinging
|
|
Batting: RHB Drew Forbess
|
0-0: Fly out, F8 (Line Drive, 8RD, EV 90.6 MPH)
|
| Top of the 8th over - 0 runs, 0 hits, 0 errors, 0 left on base; Helena 4 - Danville 3 |
| BOTTOM OF THE 8TH |
|
Danville Braves batting - Pitching for Helena Brewers : LHP Tony Salazar
|
|
Pitching: RHP Pat Spry
|
|
|
Batting: RHB Gebre-Giorgios Wangondu
|
0-0: Foul Ball, location: 2F 0-1: Ball 1-1: Ball 2-1: Ball 3-1: Foul Ball, location: 2F 3-2: SINGLE (Groundball, 34, EV 96.9 MPH)
|
|
Batting: RHB Dave Pizarro
|
0-0: Sac Bunt to 5S - play at first, batter OUT! 5-3 Gebre-Giorgios Wangondu to second
|
|
Batting: RHB Vicente Guillen
|
0-0: Ball 1-0: Foul Ball, location: 2F 1-1: Ground out 6-3 (Groundball, 6, EV 85.6 MPH) Gebre-Giorgios Wangondu to third
|
|
Batting: RHB Rodolfo Cosme
|
0-0: Called Strike 0-1: Called Strike 0-2: Foul Ball, location: 2F 0-2: Ball 1-2: Ball 2-2: Ground out 6-3 (Groundball, 6, EV 88.8 MPH)
|
| Bottom of the 8th over - 0 runs, 1 hit, 0 errors, 1 left on base; Helena 4 - Danville 3 |
| TOP OF THE 9TH |
|
Helena Brewers batting - Pitching for Danville Braves : LHP Darius Brown
|
|
Pitching: RHP Troy Hutch
|
|
|
Batting: RHB Alfredo Sena
|
0-0: Ball 1-0: Called Strike 1-1: Ball 2-1: Ball 3-1: Swinging Strike 3-2: Strikes out looking
|
|
Batting: RHB Eli Valles
|
0-0: Foul Ball, location: 2F 0-1: Ball 1-1: Called Strike 1-2: Ball 2-2: Ground out 5-3 (Groundball, 56, EV 108.1 MPH)
|
|
Batting: RHB Michael Dickerson
|
0-0: Ball 1-0: Called Strike 1-1: Ball 2-1: Swinging Strike 2-2: Strikes out swinging
|
| Top of the 9th over - 0 runs, 0 hits, 0 errors, 0 left on base; Helena 4 - Danville 3 |
| BOTTOM OF THE 9TH |
|
Danville Braves batting - Pitching for Helena Brewers : RHP Pat Spry
|
|
Pitching: RHP Omar Morales
|
|
|
Batting: RHB Rafael Reyes
|
0-0: Called Strike 0-1: Ball 1-1: Ball 2-1: Foul Ball, location: 2F 2-2: Strikes out swinging
|
|
Batting: RHB Richard Saquic
|
0-0: Ball 1-0: Ball 2-0: Called Strike 2-1: Foul Ball, location: 2F 2-2: Ball 3-2: Strikes out looking
|
|
Batting: LHB Tamaichi Sasada
|
0-0: Called Strike 0-1: Ball 1-1: Called Strike 1-2: Ground out 5-3 (Groundball, 56, EV 91.2 MPH)
|
| Bottom of the 9th over - 0 runs, 0 hits, 0 errors, 0 left on base; Helena 4 - Danville 3 |
|